 Dungeon Crawl Stone Soup version 0.27-a0-1105-g946c659c87 (webtiles) character file.

Game seed: 10271081728550062292

81 kae the Skirmisher (level 4, -27/35 HPs)
             Began as a Demonspawn Abyssal Knight on Apr 29, 2021.
             Was a Follower of Lugonu.
             Annihilated by an ogre
             ... wielding a +0 giant club
              (33 damage)
             ... on level 2 of the Dungeon.
             The game lasted 00:01:48 (3817 turns).

kae the Skirmisher (Demonspawn Abyssal Knight)      Turns: 3817, Time: 00:01:49

Health: -27/35     AC:  3    Str: 14    XL:     4   Next: 20%
Magic:  6/6        EV: 11    Int: 13    God:    Lugonu [*.....]
Gold:   93         SH:  0    Dex: 12    Spells: 3/3 levels left

rFire    . . .     SeeInvis .     - Unarmed
rCold    . . .     Faith    .   (no shield)
rNeg     . . .     Spirit   .   b - +0 leather armour
rPois    .         Reflect  .   (no helmet)
rElec    .         Harm     .   (no cloak)
rCorr    .         Rampage  .   (no gloves)
Will     .....                  (no boots)
Stlth    +.........             (no amulet)
HPRegen  0.11/turn              (no ring)
MPRegen  0.10/turn              (no ring)

@: mighty
A: claws 1, powered by pain 1
a: Renounce Religion, Depart the Abyss


You were on level 2 of the Dungeon.
You worshipped Lugonu.
Lugonu was aware of your devotion.
You visited 1 branch of the dungeon, and saw 2 of its levels.
You visited the Abyss 1 time.

You collected 93 gold pieces.

Inventory:

Hand Weapons
 a - a +1 falchion
Armour
 b - a +0 leather armour (worn)
Scrolls
 g - a scroll of identify
Potions
 c - a potion of flight
 f - a potion of lignification
 i - a potion of degeneration
 j - a potion of brilliance


   Skills:
 + Level 3.4 Fighting
 - Level 2.1 Long Blades
 + Level 2.3 Armour
 - Level 0.8 Dodging
 * Level 1.6 Unarmed Combat
 + Level 3.4 Invocations


You had 3 spell levels left.
You didn't know any spells.
Your spell library was empty.

Dungeon Overview and Level Annotations

Branches:
Dungeon (2/15)

Altars:


Innate Abilities, Weirdness & Mutations

You have sharp fingernails.
You sometimes gain a little power by taking damage.


Message History

Things that are here:
a +0 club; a goblin corpse No target in view!
No target in view!
Found an escape hatch in the ceiling.
No target in view!
No target in view!
There is an open door here.
An ogre comes into view. It is wielding a +0 giant club.
An ogre is nearby!
The ogre barely misses you.
You scratch the ogre.
The ogre is lightly wounded.
An ogre is nearby!
An ogre is nearby!
You closely miss the ogre.
The ogre is lightly wounded.
The ogre hits you with a +0 giant club!!
Ouch! That really hurt!
You focus on the pain.
You feel very mighty all of a sudden.
You are too injured to fight recklessly!
An ogre is nearby!
You are too injured to fight recklessly!
You are too injured to fight recklessly!
You are too injured to fight recklessly!
You are too injured to fight recklessly!
You are too injured to fight recklessly!
You are too injured to fight recklessly!
There is an open door here.
Okay, then.
Okay, then.
Okay, then.
You don't have any unidentified items.
The ogre hits you with a +0 giant club!
* * * LOW HITPOINT WARNING * * *
Okay, then.
The ogre hits you with a +0 giant club!!
Ouch! That really hurt!
You die...

,############.# #..... ,* #.#
#..... ,* ####'### #..... ,*
#...)..# ##########..... ,*
#......# #........#.....
,*########......# #........#.....
,*#........##'### #........#.....
,##........##.#####........#.....
,.'........<....@..........#.....
*##..............O.........#.....
#...................#########'#
######'##...........# #.......
#.##...........# #.......
#.##...........# #.......
#.##...........# #.......
*****#.##...........# #.......
*,,,,..##...........# #.......


You could see an ogre.

Vanquished Creatures
  3 adders
  4 bats
  5 endoplasms
  2 giant cockroaches
  16 hobgoblins
  A quokka (D:1)
  3 ball pythons (D:1)
  A frilled lizard (D:2)
  2 goblins (D:2)
  7 kobolds
  3 rats
47 creatures vanquished.

Vanquished Creatures (others)
  6 fungi (D:2)
  4 plants (D:2)
10 creatures vanquished.

Grand Total: 57 creatures vanquished

Notes
Turn   | Place    | Note
-------+----------+-------------------------------------------
     0 | Abyss:1  | kae the Demonspawn Abyssal Knight began the quest for the
                  | Orb.
     0 | Abyss:1  | Reached XP level 1. HP: 18/18 MP: 2/2
    35 | Abyss:1  | Noticed a large abomination
    60 | Abyss:1  | Noticed an ancient zyme
    62 | D:1      | Escaped the Abyss
   479 | D:1      | Gained mutation: You have sharp fingernails. [demonic
                  | ancestry]
   479 | D:1      | Reached XP level 2. HP: 22/24 MP: 4/4
   869 | D:1      | Reached * piety under Lugonu
  1373 | D:1      | Reached XP level 3. HP: 29/29 MP: 5/5
  1540 | D:1      | Reached skill level 1 in Unarmed Combat
  2096 | D:2      | HP: 1/29 [poisoned by an adder]
  3123 | D:2      | Found a faded altar of an unknown god.
  3220 | D:2      | Gained mutation: You sometimes gain a little power by
                  | taking damage. [demonic ancestry]
  3220 | D:2      | Reached XP level 4. HP: 14/35 MP: 6/6
  3790 | D:2      | Noticed an ogre
  3817 | D:2      | Annihilated by an ogre

Illustrated notes

Levels and vault maps discovered:
D:1:      dpeg_arrival_radiant, layout_loops_corners, minmay_indecisive_spiral
D:2:      layout_basic, shapermc_ecumenical_altar_hornbeckon

Skill      XL: |  1  2  3 |
---------------+----------+-----
Long Blades    | 2 |  2.1
Armour         | 2 |  2.3
Invocations    | 3 |  3.4
Unarmed Combat | 1 |  1.6
Fighting       | |  3.4
Dodging        | |  0.8

Action                   |  1- 3 |  4- 6 || total
-------------------------+-------+-------++-------
Melee: Falchion          |    23 |       ||    23
       Unarmed           |   165 |    25 ||   190
Invok: Depart the Abyss  |     1 |       ||     1
  Use: Scroll            |     7 |       ||     7
       Potion            |     1 |       ||     1
Armor: Leather armour    |    39 |     3 ||    42
Dodge: Dodged            |   107 |    10 ||   117
       Rpst.: Falchion   |     6 |       ||     6

Table legend: (Time is in decaauts)
 A = Elapsed time spent in this place.
 B = Non-inter-level travel time spent in this place.
 C = Inter-level travel time spent in this place.
 D = Time resting spent in this place.
 E = Time spent auto-exploring this place.
 F = Levels seen in this place.
 G = Mean time per level.
                   A        B        C        D        E       F      G
               +--------+--------+--------+--------+--------+-----+--------+
         Total |   3823 |   3787 |     36 |    694 |   2625 |   3 | 1274.3 |
       Dungeon |   3761 |   3725 |     36 |    694 |   2590 |   2 | 1880.5 |
         Abyss |     62 |     62 |      0 |      0 |     35 |   1 |   62.0 |
               +--------+--------+--------+--------+--------+-----+--------+

Top non-repeatable levels by time:
     D:1: 2153 daAuts
     D:2: 1607 daAuts
 Abyss:1: 62 daAuts
